 Dungeon Crawl Stone Soup version 0.18.1-48-g4cf74bf (webtiles) character file.

99 nikopol the Chopper (level 4, 0/40 HPs)
             Began as a Hill Orc Berserker on June 29, 2016.
             Was a Believer of Trog.
             Slain by a worker ant (3 damage)
             ... on level 3 of the Dungeon.
             The game lasted 00:05:09 (1941 turns).

nikopol the Chopper (Hill Orc Berserker)            Turns: 1941, Time: 00:05:10

Health: 0/40       AC:  4    Str: 20    XL:     4   Next: 72%
Magic:  4/4        EV: 12    Int:  7    God:    Trog [**....]
Gold:   79         SH:  0    Dex: 10    Spells: 0 memorised, 3 levels left

rFire  + . .     SeeInvis .     a - +0 hand axe
rCold  x . .     Gourm    .     v - +0 leather armour
rNeg   . . .     Faith    .     (no shield)
rPois  .         Spirit   .     m - +0 helmet
rElec  .         Dismiss  +     (no cloak)
rCorr  .         Reflect  .     (no gloves)
SustAt .         Harm     .     (no boots)
MR     .....                    o - amulet of dismissal
Stlth  +.........               (no ring)
                                r - ring of fire

@: lethally poisoned (0 -> -6), exhausted, slowed, very slow, not resistant to
hostile enchantments, very unstealthy
A: no striking features
a: Berserk, Trog's Hand, Burn Spellbooks, Renounce Religion


You were on level 3 of the Dungeon.
You worshipped Trog.
Trog was pleased with you.
You were hungry.

You visited 1 branch of the dungeon, and saw 3 of its levels.

You collected 79 gold pieces.

Inventory:

Hand Weapons
 a - a +0 hand axe (weapon)
Armour
 b - a +0 animal skin
 m - a +0 helmet (worn)
 v - a +0 leather armour (worn)
Jewellery
 o - an amulet of dismissal (around neck)
 r - a ring of fire (left hand)
Scrolls
 d - a scroll of amnesia {unknown}
 f - a scroll of teleportation {unknown}
 g - a scroll of fear {unknown}
 j - 2 scrolls of remove curse {unknown}
 l - a scroll of enchant weapon {unknown}
 p - 4 scrolls of recharging {unknown}
 s - a scroll of identify {unknown}
 u - 2 scrolls of enchant armour {unknown}
Potions
 e - 2 potions of lignification {unknown}
 k - a potion of flight {unknown}
 n - 2 potions of heal wounds {unknown}
 q - a potion of curing {unknown}
Comestibles
 c - a bread ration
 h - 5 fruits
 i - 2 meat rations
 t - a beef jerky
 w - 2 royal jellies
 x - 7 chunks of flesh


   Skills:
 + Level 4.2 Fighting
 + Level 4.8 Axes
 + Level 3.4 Armour
 + Level 2.4 Dodging


You had 3 spell levels left.
You didn't know any spells.

Dungeon Overview and Level Annotations

Branches:
Dungeon (3/15)

Altars:
Dithmenos


Message History

The worker ant is almost dead.
You are feeling hungry.
You feel sick.
You are no longer poisoned.
The worker ant misses you. The worker ant bites you.
You are poisoned.
The worker ant poisons you!
You barely miss the worker ant.
The worker ant is almost dead.
You feel sick. The worker ant bites you.
* * * LOW HITPOINT WARNING * * *
The worker ant bites you but does no damage.
You are too injured to fight recklessly!
You are too injured to fight recklessly!
You closely miss the worker ant.
The worker ant is almost dead.
You feel sick. The worker ant bites you!
* * * LOW HITPOINT WARNING * * *
The worker ant bites you.
You die...

#.# #.........## #<#
#........... #)#
#........... #.#
#.......<... #.#
#)..........
#.######....†......
#..##..#.......b.>.
######.#...a...........
#...##....@###.####....
#.#.###.#.## #.# ...
#..........# #.# ..
###........# ..# .
#........#..##
#..).........
#..........##
#........### #........#


You could see a worker ant.

Vanquished Creatures
  Ijyb (D:3)
  3 adders (D:2)
  A dart slug (D:2)
  3 giant geckos (D:2)
  7 bats
  2 giant cockroaches
  3 hobgoblins (D:1)
  2 jackals (D:3)
  8 kobolds
  A quokka (D:2)
  A giant gecko skeleton (D:3)
  2 giant newts
  3 goblins
  6 rats
43 creatures vanquished.

Notes
Turn   | Place    | Note
--------------------------------------------------------------
     0 | D:1      | nikopol the Hill Orc Berserker began the quest for the Orb.
     0 | D:1      | Reached XP level 1. HP: 19/19 MP: 1/1
   176 | D:1      | Reached XP level 2. HP: 26/27 MP: 2/2
   945 | D:2      | Reached ** piety under Trog
  1102 | D:2      | Found a shadowy altar of Dithmenos.
  1139 | D:2      | Reached XP level 3. HP: 30/33 MP: 3/3
  1580 | D:2      | Reached XP level 4. HP: 25/40 MP: 4/4
  1866 | D:3      | Noticed Ijyb
  1874 | D:3      | Killed Ijyb
  1941 | D:3      | Slain by a worker ant

Skill      XL: |  1  2  3 |
---------------+----------+-----
Armour         | 3 |  3.4
Dodging        | 2 |  2.4
Fighting       | 4 |  4.2
Axes           | |  4.8

Action                   |  1- 3 |  4- 6 || total
-------------------------+-------+-------++-------
Melee: Hand axe          |   104 |    47 ||   151
Invok: Berserk           |       |     1 ||     1
 Stab: Sleeping          |     1 |       ||     1
  Eat: Chunk             |     2 |     2 ||     4
Armor: Animal skin       |    10 |       ||    10
       Leather armour    |    17 |    14 ||    31
Dodge: Dodged            |    79 |    46 ||   125
